Peoria Rivermen vs Tappara Tampere
Created - Sunday, September 17, 2023 at 06:19
Goals
|
| Peoria Rivermen |
0 |
1 |
3 |
0 |
1 |
5 |
| Tappara Tampere |
1 |
2 |
1 |
0 |
0 |
4 |
|
Shots
|
| Peoria Rivermen |
8 |
12 |
14 |
0 |
6 |
34 |
| Tappara Tampere |
14 |
17 |
13 |
1 |
6 |
45 |
|
1st period
1. Tappara Tampere , Isak Rosen 2 (Jiri Kulich 3, William Eklund 6) at 7:34
Penalties :
Jan Rutta (TAP) for Tripping (Minor) at 11:28, Radim Zohorna (PRM) for Interference (Minor) at 18:09
2nd period
2. Peoria Rivermen , Tyler Pitlick 5 (Oskar Sundqvist 3, Radim Zohorna 8) at 4:25
3. Tappara Tampere , William Eklund 4 (Chad Ruhwedel 6, Alex Stalock) at 19:27
4. Tappara Tampere , Kiefer Sherwood 7 (Kent Johnson 9) at 19:33
Penalties :
Connor Mackey (PRM) for Hooking (Minor) at 5:14, Connor Mackey (PRM) for Hooking (Minor) at 19:40
3rd period
5. Peoria Rivermen , Niko Mikkola 2 (Sasha Chmelevski 8, Ryan Lomberg 5) at 5:47 (PP)
6. Tappara Tampere , Andy Andreoff 3 (Stefan Noesen 14) at 6:47 (PP)
7. Peoria Rivermen , Ryan Lomberg 7 (Curtis Lazar 9) at 7:30 (SH)
8. Peoria Rivermen , Radim Zohorna 1 (Tyler Tucker 3, Tyler Pitlick 11) at 15:44 (PP)
Penalties :
Chad Ruhwedel (TAP) for Tripping (Minor) at 5:06, Curtis Lazar (PRM) for Boarding (Minor) at 6:35, Cam York (TAP) for Fighting (Major) at 7:06, Dakota Joshua (PRM) for Fighting (Major) at 7:06, Dakota Joshua (PRM) for instigated a fight (Minor) at 7:06, Dakota Joshua (PRM) for instigated a fight (10 Minutes Misconduct) at 7:06, Stefan Noesen (TAP) for Tripping (Minor) at 11:14, Phillip Di Giuseppe (TAP) for Slashing (Minor) at 15:13, Radim Zohorna (PRM) for Tripping (Minor) at 19:16
Overtime #1
No Goal
Penalties :
No Penalty
Shootout
Peoria Rivermen, Dakota Joshua - Stopped by Alex Stalock
Tappara Tampere, Stefan Noesen - Stopped by Zachary Fucale
Peoria Rivermen, Sasha Chmelevski - Stopped by Alex Stalock
Tappara Tampere, Mattias Janmark - Shot Misses the Net
Peoria Rivermen, Curtis Lazar - Stopped by Alex Stalock
Tappara Tampere, Logan O'Connor - Shot Misses the Net
Peoria Rivermen, Ryan Lomberg - Stopped by Alex Stalock
Tappara Tampere, Andy Andreoff - Shot Misses the Net
Peoria Rivermen, Tyler Pitlick - Stopped by Alex Stalock
Tappara Tampere, Kiefer Sherwood - Shot Misses the Net
Peoria Rivermen, Connor Mackey - Goal!
Tappara Tampere, Alex Goligoski - Shot Misses the Net
Penalties :
No Penalty
Goalie Stats
Zachary Fucale (PRM), 41 saves from 45 shots - (0.911), W, 5-7-1, 65:00 minutes
Alex Stalock (TAP), 30 saves from 34 shots - (0.882), OTL, 6-1-2, 65:00 minutes
Players Stats for Peoria Rivermen
Player Name G A P +/- PIM S H SB GA TA FO MP PP MP PK MP
------------------------------------------------------------------------------------
Connor Mackey 0 0 0 1 4 0 4 1 0 1 0/0 24:08 2:35 3:32
Curtis Lazar 0 1 1 1 2 2 0 1 2 0 6/10 18:29 1:41 4:18
Dakota Joshua 0 0 0 0 17 2 0 0 0 0 7/15 16:08 1:18 3:01
Georgii Merkulov 0 0 0 -1 0 2 0 0 0 0 1/3 12:34 1:37 0:18
Jakob Pelletier 0 0 0 0 0 1 1 1 0 0 1/1 13:46 0:39 0:10
Jalen Chatfield 0 0 0 -2 0 0 1 2 1 1 0/0 24:12 2:20 4:37
Jesper Froden 0 0 0 0 0 1 2 0 0 3 0/7 14:43 0:25 2:04
Jonas Rondbjerg 0 0 0 -1 0 0 1 0 0 0 0/0 8:18 0:00 0:00
Jonathan Gruden 0 0 0 -1 0 1 2 0 0 0 0/0 8:29 0:15 0:00
Matthew Kessel 0 0 0 0 0 3 0 1 0 0 0/0 16:31 0:15 1:12
Niko Mikkola 1 0 1 -2 0 2 4 2 0 0 0/0 24:12 2:20 4:37
Oskar Sundqvist 0 1 1 -1 0 3 3 0 1 1 3/19 13:42 0:10 0:00
Radim Zohorna 1 1 2 -1 4 3 2 0 0 0 1/2 16:22 2:26 0:00
Ryan Lomberg 1 1 2 1 0 6 2 0 0 0 2/4 19:27 2:17 4:30
Sasha Chmelevski 0 1 1 0 0 3 0 1 1 0 0/0 21:13 2:12 4:37
Tyler Pitlick 1 1 2 -1 0 3 1 0 0 0 0/0 15:50 2:30 0:00
Tyler Tucker 0 1 1 1 0 1 2 3 1 1 0/0 25:29 2:35 5:30
Yegor Zamula 0 0 0 0 0 1 0 0 0 1 0/0 16:14 0:15 0:46
Players Stats for Tappara Tampere
Player Name G A P +/- PIM S H SB GA TA FO MP PP MP PK MP
------------------------------------------------------------------------------------
Alex Goligoski 0 0 0 1 0 2 1 3 0 1 0/0 20:09 0:00 2:08
Andrew Poturalski 0 0 0 1 0 6 0 1 0 0 8/12 15:33 0:00 2:21
Andy Andreoff 1 0 1 0 0 3 1 1 1 0 17/23 20:49 4:35 1:48
Cam York 0 0 0 0 5 0 1 2 0 1 0/0 21:07 2:55 3:01
Chad Ruhwedel 0 1 1 1 2 2 1 2 0 1 0/0 24:28 4:34 2:19
Fredrik Karlstrom 0 0 0 1 0 1 0 0 0 0 2/2 12:47 0:02 0:00
Isak Rosen 1 0 1 1 0 2 0 0 0 0 0/0 7:05 0:00 0:00
Jan Rutta 0 0 0 -1 2 3 1 0 0 1 0/0 23:45 4:17 0:49
Jaycob Megna 0 0 0 0 0 2 2 2 0 1 0/0 23:13 5:56 0:00
Jiri Kulich 0 1 1 1 0 3 1 0 0 1 2/3 7:05 0:00 0:00
Kent Johnson 0 1 1 -1 0 3 0 0 0 0 10/17 20:59 4:16 0:51
Kiefer Sherwood 1 0 1 -1 0 4 2 0 0 0 0/0 19:01 4:16 0:11
Logan O'Connor 0 0 0 0 0 0 0 0 0 0 0/1 17:24 0:02 2:02
Mattias Janmark 0 0 0 -1 0 1 2 0 3 0 0/0 18:41 4:16 0:41
Phillip Di Giuseppe 0 0 0 1 2 3 2 0 2 0 0/1 18:31 4:33 1:30
Stefan Noesen 0 1 1 0 2 5 5 2 0 0 1/2 19:38 4:33 0:46
Urho Vaakanainen 0 0 0 1 0 3 1 1 1 0 0/0 17:24 0:00 2:12
William Eklund 1 1 2 1 0 2 0 0 1 0 0/0 7:15 0:00 0:10
3 Stars
1 - Ryan Lomberg (PRM)
2 - William Eklund (TAP)
3 - Tyler Pitlick (PRM)
Power Play
Peoria Rivermen - 2 on 4 Attempt(s) - 50.00%
Tappara Tampere - 1 on 6 Attempt(s) - 16.67%
Penalty Kill
Peoria Rivermen - 5 on 6 Attempt(s) - 83.33%
- Score 1 goal in Penalty Kill
Tappara Tampere - 2 on 4 Attempt(s) - 50.00%
- Score 0 goal in Penalty Kill
Team Stat
Peoria Rivermen - Hits : 25 - Faceoff Wins : 21 - Blocked Shots : 12 - Penalty Minutes : 27
Tappara Tampere - Hits : 20 - Faceoff Wins : 40 - Blocked Shots : 14 - Penalty Minutes : 13
Official
Referees : Steve Kozari and Tom Chmielewski
Linesman : Brad Kovachik and Scott Cherrey
Game Notes
Cam York beats up Dakota Joshua at 7:06 of 3rd period
Peoria Rivermen
5 vs 5 Forward
Center Left Wing Right Wing Time % Phy DF OF
1 Dakota Joshua Ryan Lomberg Sasha Chmelevski 30 1 2 2
2 Oskar Sundqvist Radim Zohorna Tyler Pitlick 30 1 2 2
3 Curtis Lazar Jakob Pelletier Jesper Froden 25 1 2 2
4 Georgii Merkulov Jonathan Gruden Jonas Rondbjerg 15 1 2 2
5 vs 5 Defense
Defense Defense Time % Phy DF OF
1 Niko Mikkola Jalen Chatfield 35 1 2 2
2 Connor Mackey Tyler Tucker 35 1 2 2
3 Yegor Zamula Matthew Kessel 30 1 2 2
4 Niko Mikkola Jalen Chatfield 0 1 2 2
PowerPlay Forward
Center Left Wing Right Wing Time % Phy DF OF
1 Dakota Joshua Ryan Lomberg Sasha Chmelevski 50 1 2 2
2 Curtis Lazar Radim Zohorna Tyler Pitlick 50 1 2 2
PowerPlay Defense
Defense Defense Time % Phy DF OF
1 Niko Mikkola Jalen Chatfield 50 1 2 2
2 Connor Mackey Tyler Tucker 50 1 2 2
Penalty Kill 4 Players Forward
Center Wing Time % Phy DF OF
1 Dakota Joshua Sasha Chmelevski 50 1 2 2
2 Curtis Lazar Ryan Lomberg 50 1 2 2
Penalty Kill 4 Players Defense
Defense Defense Time % Phy DF OF
1 Niko Mikkola Jalen Chatfield 50 1 2 2
2 Connor Mackey Tyler Tucker 50 1 2 2
Penalty Kill - 3 Players Forward
Forward Time % Phy DF OF
1 Dakota Joshua 50 1 2 2
2 Sasha Chmelevski 50 1 2 2
Penalty Kill - 3 Players Defense
Defense Defense Time % Phy DF OF
1 Niko Mikkola Jalen Chatfield 50 1 2 2
2 Connor Mackey Tyler Tucker 50 1 2 2
4 vs 4 Forward
Center Wing Time % Phy DF OF
1 Dakota Joshua Sasha Chmelevski 50 1 2 2
2 Curtis Lazar Ryan Lomberg 50 1 2 2
4 vs 4 Defense
Defense Defense Time % Phy DF OF
1 Niko Mikkola Jalen Chatfield 50 1 2 2
2 Connor Mackey Tyler Tucker 50 1 2 2
Last Minutes Offensive
Center Left Wing Right Wing Defense Defense
Dakota Joshua Ryan Lomberg Sasha Chmelevski Niko Mikkola Jalen Chatfield
Last Minutes Defensive
Center Left Wing Right Wing Defense Defense
Dakota Joshua Ryan Lomberg Sasha Chmelevski Niko Mikkola Jalen Chatfield
Goaltenders
Starting : Zachary Fucale
Backup : Unknown Goalie
Extra Forwards
Normal : Georgii Merkulov, Jakob Pelletier, Jesper Froden - PP : Georgii Merkulov, Jakob Pelletier - PK : Jesper Froden
Extra Defensemen
Normal : Yegor Zamula, Matthew Kessel, Connor Mackey - PP : Yegor Zamula - PK : Matthew Kessel, Connor Mackey
Penalty Shots
Dakota Joshua, Sasha Chmelevski, Curtis Lazar, Ryan Lomberg, Tyler Pitlick
Tappara Tampere
5 vs 5 Forward
Center Left Wing Right Wing Time % Phy DF OF
1 Andy Andreoff Stefan Noesen Mattias Janmark 32 1 2 2
2 Kent Johnson Logan O'Connor Kiefer Sherwood 32 1 2 2
3 Andrew Poturalski Phillip Di Giuseppe Fredrik Karlstrom 26 1 2 2
4 Jiri Kulich William Eklund Isak Rosen 10 1 2 2
5 vs 5 Defense
Defense Defense Time % Phy DF OF
1 Jan Rutta Cam York 35 1 2 2
2 Chad Ruhwedel Alex Goligoski 35 1 2 2
3 Jaycob Megna Urho Vaakanainen 30 1 2 2
4 Jan Rutta Alex Goligoski 0 1 2 2
PowerPlay Forward
Center Left Wing Right Wing Time % Phy DF OF
1 Andy Andreoff Stefan Noesen Phillip Di Giuseppe 50 1 2 2
2 Kent Johnson Mattias Janmark Kiefer Sherwood 50 1 2 2
PowerPlay Defense
Defense Defense Time % Phy DF OF
1 Jan Rutta Cam York 50 1 2 2
2 Chad Ruhwedel Jaycob Megna 50 1 2 2
Penalty Kill 4 Players Forward
Center Wing Time % Phy DF OF
1 Andy Andreoff Stefan Noesen 50 1 2 2
2 Andrew Poturalski Logan O'Connor 50 1 2 2
Penalty Kill 4 Players Defense
Defense Defense Time % Phy DF OF
1 Jan Rutta Alex Goligoski 50 2 2 1
2 Chad Ruhwedel Cam York 50 2 2 1
Penalty Kill - 3 Players Forward
Forward Time % Phy DF OF
1 Andy Andreoff 50 1 2 2
2 Fredrik Karlstrom 50 1 2 2
Penalty Kill - 3 Players Defense
Defense Defense Time % Phy DF OF
1 Jan Rutta Alex Goligoski 50 2 2 1
2 Chad Ruhwedel Cam York 50 2 2 1
4 vs 4 Forward
Center Wing Time % Phy DF OF
1 Andy Andreoff Stefan Noesen 50 1 2 2
2 Andrew Poturalski Logan O'Connor 50 1 2 2
4 vs 4 Defense
Defense Defense Time % Phy DF OF
1 Jan Rutta Alex Goligoski 50 1 2 2
2 Chad Ruhwedel Cam York 50 1 2 2
Last Minutes Offensive
Center Left Wing Right Wing Defense Defense
Andy Andreoff Stefan Noesen Kent Johnson Jan Rutta Alex Goligoski
Last Minutes Defensive
Center Left Wing Right Wing Defense Defense
Andy Andreoff Phillip Di Giuseppe Logan O'Connor Jan Rutta Alex Goligoski
Goaltenders
Starting : Alex Stalock
Backup : Petr Mrazek
Extra Forwards
Normal : Fredrik Karlstrom, Kent Johnson, Phillip Di Giuseppe - PP : Fredrik Karlstrom, Phillip Di Giuseppe - PK : Phillip Di Giuseppe
Extra Defensemen
Normal : Jaycob Megna, Urho Vaakanainen, Jan Rutta - PP : Jaycob Megna - PK : Urho Vaakanainen, Jan Rutta
Penalty Shots
Stefan Noesen, Mattias Janmark, Logan O'Connor, Andy Andreoff, Kiefer Sherwood
% Time on Ice - Peoria Rivermen
Lines # - Real PCT - Wanted PCT - Time Play
Normal Forward
1 - 28% - 30% - 13:06
2 - 30% - 30% - 13:43
3 - 24% - 25% - 10:52
4 - 18% - 15% - 8:18
Normal Defense
1 - 34% - 35% - 15:46
2 - 34% - 35% - 15:47
3 - 30% - 30% - 13:45
4 - 1% - 0% - 0:41
PP Forward
1 - 47% - 50% - 2:27
2 - 53% - 50% - 2:43
PP Defense
1 - 50% - 50% - 2:35
2 - 50% - 50% - 2:35
PK Forward
1 - 47% - 50% - 4:11
2 - 53% - 50% - 4:40
PK Defense
1 - 46% - 50% - 4:02
2 - 54% - 50% - 4:49
PK3 Forward
1 - 66% - 50% - 0:50
2 - 34% - 50% - 0:26
PK3 Defense
1 - 46% - 50% - 0:35
2 - 54% - 50% - 0:41
44 Forward
1 - 52% - 50% - 1:56
2 - 48% - 50% - 1:48
44 Defense
1 - 39% - 50% - 1:27
2 - 61% - 50% - 2:17
Last Minute Offensive - 0:00
Last Minute Defensive - 0:00
Total
Forward - 65:00
Defense - 65:00
|
% Time on Ice - Tappara Tampere
Lines # - Real PCT - Wanted PCT - Time Play
Normal Forward
1 - 28% - 32% - 12:48
2 - 32% - 32% - 14:34
3 - 25% - 26% - 11:32
4 - 15% - 10% - 7:05
Normal Defense
1 - 33% - 35% - 15:15
2 - 34% - 35% - 15:48
3 - 29% - 30% - 13:09
4 - 4% - 0% - 1:47
PP Forward
1 - 52% - 50% - 4:35
2 - 48% - 50% - 4:16
PP Defense
1 - 48% - 50% - 4:17
2 - 52% - 50% - 4:34
PK Forward
1 - 51% - 50% - 2:38
2 - 49% - 50% - 2:32
PK Defense
1 - 47% - 50% - 2:25
2 - 53% - 50% - 2:45
PK3 Forward
1 - 0% - 50%
2 - 0% - 50%
PK3 Defense
1 - 0% - 50%
2 - 0% - 50%
44 Forward
1 - 52% - 50% - 2:36
2 - 48% - 50% - 2:24
44 Defense
1 - 51% - 50% - 2:33
2 - 49% - 50% - 2:27
Last Minute Offensive - 0:00
Last Minute Defensive - 0:00
Total
Forward - 65:00
Defense - 65:00
|
Play-by-Play
1st period
0:01 of 1st period - Andy Andreoff wins face-off versus Dakota Joshua in neutral zone.
0:34 of 1st period - Snap shot by Ryan Lomberg.
0:34 of 1st period - Stopped by Alex Stalock without a rebound.
0:35 of 1st period - Kent Johnson wins face-off versus Oskar Sundqvist in Tappara Tampere zone.
0:58 of 1st period - Icing by Connor Mackey.
0:59 of 1st period - Oskar Sundqvist wins face-off versus Jiri Kulich in Peoria Rivermen zone.
1:14 of 1st period - Slapshot by Jiri Kulich.
1:14 of 1st period - Stopped by Zachary Fucale with a rebound.
1:21 of 1st period - Icing by Jesper Froden.
1:22 of 1st period - Georgii Merkulov wins face-off versus Andrew Poturalski in Peoria Rivermen zone.
1:45 of 1st period - Icing by Jonas Rondbjerg.
1:46 of 1st period - Andy Andreoff wins face-off versus Oskar Sundqvist in Peoria Rivermen zone.
1:49 of 1st period - Snap shot by Mattias Janmark.
1:49 of 1st period - Shot Misses the Net.
1:51 of 1st period - Snap shot by Stefan Noesen.
1:51 of 1st period - Stopped by Zachary Fucale with a rebound.
1:53 of 1st period - Snap shot by Urho Vaakanainen.
1:53 of 1st period - Stopped by Zachary Fucale with a rebound.
1:59 of 1st period - Backhand shot by Stefan Noesen.
1:59 of 1st period - Stopped by Zachary Fucale without a rebound.
2:00 of 1st period - Curtis Lazar wins face-off versus Logan O'Connor in Peoria Rivermen zone.
2:09 of 1st period - Snap shot by Jakob Pelletier.
2:09 of 1st period - Shot Misses the Net.
2:27 of 1st period - Ryan Lomberg is hit by Mattias Janmark and loses puck.
2:45 of 1st period - Niko Mikkola is hit by Phillip Di Giuseppe and loses puck.
2:54 of 1st period - Fredrik Karlstrom is hit by Niko Mikkola and loses puck.
4:50 of 1st period - Snap shot by Tyler Pitlick.
4:50 of 1st period - Stopped by Alex Stalock with a rebound.
4:54 of 1st period - Snap shot by Oskar Sundqvist.
4:54 of 1st period - Deflect By Radim Zohorna.
4:54 of 1st period - Stopped by Alex Stalock with a rebound.
4:56 of 1st period - Slapshot by Radim Zohorna.
4:56 of 1st period - Deflect By Oskar Sundqvist.
4:56 of 1st period - Shot Blocked by Chad Ruhwedel.
4:56 of 1st period - Puck is out of play.
4:57 of 1st period - Andy Andreoff wins face-off versus Dakota Joshua in Tappara Tampere zone.
4:57 of 1st period - Andy Andreoff is hit by Niko Mikkola.
6:23 of 1st period - Off-side.
6:24 of 1st period - Fredrik Karlstrom wins face-off versus Curtis Lazar in neutral zone.
6:31 of 1st period - Wrist shot by Andrew Poturalski.
6:31 of 1st period - Deflect By Phillip Di Giuseppe.
6:31 of 1st period - Shot Blocked by Matthew Kessel.
6:31 of 1st period - Puck is out of play.
6:32 of 1st period - Andy Andreoff wins face-off versus Dakota Joshua in Peoria Rivermen zone.
6:37 of 1st period - Slapshot by Stefan Noesen.
6:37 of 1st period - Stopped by Zachary Fucale with a rebound.
6:39 of 1st period - Wrist shot by Chad Ruhwedel.
6:39 of 1st period - Deflect By Ryan Lomberg.
6:39 of 1st period - Stopped by Zachary Fucale without a rebound.
6:40 of 1st period - Dakota Joshua wins face-off versus Andy Andreoff in Peoria Rivermen zone.
6:45 of 1st period - Backhand shot by Ryan Lomberg.
6:45 of 1st period - Stopped by Alex Stalock with a rebound.
7:12 of 1st period - Wrist shot by Kent Johnson.
7:12 of 1st period - Shot Blocked by Niko Mikkola.
7:28 of 1st period - Snap shot by Phillip Di Giuseppe.
7:28 of 1st period - Stopped by Zachary Fucale without a rebound.
7:29 of 1st period - Jiri Kulich wins face-off versus Oskar Sundqvist in Peoria Rivermen zone.
7:32 of 1st period - Wrist shot by Jiri Kulich.
7:32 of 1st period - Stopped by Zachary Fucale with a rebound.
7:34 of 1st period - Snap shot by Isak Rosen.
7:34 of 1st period - Goal by Isak Rosen - Peoria Rivermen : 0 - Tappara Tampere : 1.
7:35 of 1st period - Kent Johnson wins face-off versus Oskar Sundqvist in neutral zone.
7:50 of 1st period - Snap shot by Kent Johnson.
7:50 of 1st period - Shot Hit the Post.
8:00 of 1st period - Alex Goligoski is hit by Jesper Froden and loses puck.
8:28 of 1st period - Snap shot by Jakob Pelletier.
8:28 of 1st period - Stopped by Alex Stalock with a rebound.
8:57 of 1st period - Wrist shot by Stefan Noesen.
8:57 of 1st period - Shot Misses the Net.
9:05 of 1st period - Wrist shot by Andy Andreoff.
9:05 of 1st period - Stopped by Zachary Fucale with a rebound.
9:15 of 1st period - Slapshot by Mattias Janmark.
9:15 of 1st period - Shot Blocked by Jalen Chatfield.
9:17 of 1st period - Wrist shot by Andy Andreoff.
9:17 of 1st period - Shot Misses the Net.
9:19 of 1st period - Wrist shot by Andy Andreoff.
9:19 of 1st period - Shot Misses the Net.
9:29 of 1st period - Snap shot by Stefan Noesen.
9:29 of 1st period - Shot Blocked by Curtis Lazar.
9:31 of 1st period - Snap shot by Urho Vaakanainen.
9:31 of 1st period - Stopped by Zachary Fucale with a rebound.
10:15 of 1st period - Wrist shot by Stefan Noesen.
10:15 of 1st period - Deflect By Mattias Janmark.
10:15 of 1st period - Stopped by Zachary Fucale with a rebound.
10:17 of 1st period - Backhand shot by Jaycob Megna.
10:17 of 1st period - Stopped by Zachary Fucale without a rebound.
10:18 of 1st period - Ryan Lomberg wins face-off versus Kent Johnson in Peoria Rivermen zone.
10:41 of 1st period - Logan O'Connor is hit by Ryan Lomberg and loses puck.
10:46 of 1st period - Backhand shot by Ryan Lomberg.
10:46 of 1st period - Stopped by Alex Stalock with a rebound.
11:23 of 1st period - Snap shot by Sasha Chmelevski.
11:23 of 1st period - Stopped by Alex Stalock with a rebound.
11:25 of 1st period - Slapshot by Ryan Lomberg.
11:25 of 1st period - Stopped by Alex Stalock without a rebound.
11:26 of 1st period - Andrew Poturalski wins face-off versus Oskar Sundqvist in Tappara Tampere zone.
11:28 of 1st period - Minor Penalty to Jan Rutta for Tripping.
11:29 of 1st period - Andrew Poturalski wins face-off versus Georgii Merkulov in Tappara Tampere zone.
11:37 of 1st period - Chad Ruhwedel is hit by Connor Mackey and loses puck.
13:28 of 1st period - Penalty to Jan Rutta is over, Jan Rutta is back on ice.
13:46 of 1st period - Jonathan Gruden is hit by Jiri Kulich and loses puck.
15:21 of 1st period - Yegor Zamula is hit by Kiefer Sherwood and loses puck.
16:00 of 1st period - Icing by Oskar Sundqvist.
16:01 of 1st period - Kent Johnson wins face-off versus Oskar Sundqvist in Peoria Rivermen zone.
16:06 of 1st period - Wrist shot by Logan O'Connor.
16:06 of 1st period - Shot Misses the Net.
16:08 of 1st period - Snap shot by Kiefer Sherwood.
16:08 of 1st period - Stopped by Zachary Fucale with a rebound.
16:38 of 1st period - Phillip Di Giuseppe is hit by Connor Mackey and loses puck.
16:45 of 1st period - Alex Goligoski is hit by Tyler Tucker and loses puck.
17:24 of 1st period - Jiri Kulich is hit by Jonathan Gruden and loses puck.
17:31 of 1st period - Slapshot by Jonathan Gruden.
17:31 of 1st period - Shot Blocked by Cam York.
17:48 of 1st period - Kent Johnson is hit by Tyler Tucker.
18:09 of 1st period - Minor Penalty to Radim Zohorna for Interference.
18:10 of 1st period - Dakota Joshua wins face-off versus Stefan Noesen in Peoria Rivermen zone.
18:10 of 1st period - Dakota Joshua is hit by Stefan Noesen.
18:46 of 1st period - Snap shot by Sasha Chmelevski.
18:46 of 1st period - Shot Misses the Net.
Goals for this period are 0 for Peoria Rivermen vs 1 for Tappara Tampere.
Shots for this period are 8 for Peoria Rivermen vs 14 for Tappara Tampere.
2nd period
0:01 of 2nd period - Dakota Joshua wins face-off versus Kent Johnson in neutral zone.
0:09 of 2nd period - Penalty to Radim Zohorna is over, Radim Zohorna is back on ice.
0:14 of 2nd period - Wrist shot by Mattias Janmark.
0:14 of 2nd period - Shot Misses the Net.
0:16 of 2nd period - Wrist shot by Mattias Janmark.
0:16 of 2nd period - Shot Misses the Net.
1:30 of 2nd period - Slapshot by Jiri Kulich.
1:30 of 2nd period - Stopped by Zachary Fucale with a rebound.
2:15 of 2nd period - Wrist shot by Radim Zohorna.
2:15 of 2nd period - Stopped by Alex Stalock with a rebound.
2:33 of 2nd period - Wrist shot by Stefan Noesen.
2:33 of 2nd period - Stopped by Zachary Fucale with a rebound.
2:35 of 2nd period - Slapshot by Chad Ruhwedel.
2:35 of 2nd period - Shot Blocked by Tyler Tucker.
3:04 of 2nd period - Snap shot by Tyler Pitlick.
3:04 of 2nd period - Stopped by Alex Stalock with a rebound.
3:38 of 2nd period - Snap shot by Jonathan Gruden.
3:38 of 2nd period - Stopped by Alex Stalock with a rebound.
3:40 of 2nd period - Wrist shot by Niko Mikkola.
3:40 of 2nd period - Stopped by Alex Stalock with a rebound.
3:57 of 2nd period - Slapshot by Curtis Lazar.
3:57 of 2nd period - Shot Blocked by Alex Goligoski.
4:07 of 2nd period - Wrist shot by Oskar Sundqvist.
4:07 of 2nd period - Shot Misses the Net.
4:09 of 2nd period - Slapshot by Tyler Tucker.
4:09 of 2nd period - Stopped by Alex Stalock without a rebound.
4:10 of 2nd period - Kent Johnson wins face-off versus Radim Zohorna in Tappara Tampere zone.
4:15 of 2nd period - Wrist shot by Oskar Sundqvist.
4:15 of 2nd period - Stopped by Alex Stalock with a rebound.
4:23 of 2nd period - Snap shot by Oskar Sundqvist.
4:23 of 2nd period - Stopped by Alex Stalock with a rebound.
4:25 of 2nd period - Snap shot by Tyler Pitlick.
4:25 of 2nd period - Goal by Tyler Pitlick - Peoria Rivermen : 1 - Tappara Tampere : 1.
4:26 of 2nd period - Andrew Poturalski wins face-off versus Oskar Sundqvist in neutral zone.
4:32 of 2nd period - Off-side.
4:33 of 2nd period - Andrew Poturalski wins face-off versus Oskar Sundqvist in neutral zone.
5:14 of 2nd period - Minor Penalty to Connor Mackey for Hooking.
5:15 of 2nd period - Curtis Lazar wins face-off versus Andy Andreoff in Peoria Rivermen zone.
5:30 of 2nd period - Snap shot by Sasha Chmelevski.
5:30 of 2nd period - Shot Blocked by Stefan Noesen.
7:14 of 2nd period - Penalty to Connor Mackey is over, Connor Mackey is back on ice.
7:27 of 2nd period - Off-side.
7:28 of 2nd period - Jiri Kulich wins face-off versus Oskar Sundqvist in neutral zone.
7:42 of 2nd period - Wrist shot by Oskar Sundqvist.
7:42 of 2nd period - Shot Misses the Net.
7:44 of 2nd period - Slapshot by Yegor Zamula.
7:44 of 2nd period - Shot Blocked by Jaycob Megna.
8:15 of 2nd period - Off-side.
8:16 of 2nd period - Dakota Joshua wins face-off versus Kent Johnson in neutral zone.
8:25 of 2nd period - Wrist shot by Dakota Joshua.
8:25 of 2nd period - Shot Blocked by Alex Goligoski.
8:27 of 2nd period - Slapshot by Connor Mackey.
8:27 of 2nd period - Shot Misses the Net.
8:29 of 2nd period - Wrist shot by Dakota Joshua.
8:29 of 2nd period - Stopped by Alex Stalock without a rebound.
8:30 of 2nd period - Oskar Sundqvist wins face-off versus Andy Andreoff in Tappara Tampere zone.
8:31 of 2nd period - Wrist shot by Tyler Pitlick.
8:31 of 2nd period - Deflect By Oskar Sundqvist.
8:31 of 2nd period - Shot Misses the Net.
8:31 of 2nd period - Puck is out of play.
8:32 of 2nd period - Andy Andreoff wins face-off versus Oskar Sundqvist in Tappara Tampere zone.
8:32 of 2nd period - Andy Andreoff is hit by Oskar Sundqvist.
8:44 of 2nd period - Slapshot by Andy Andreoff.
8:44 of 2nd period - Shot Blocked by Tyler Tucker.
9:52 of 2nd period - Snap shot by Kiefer Sherwood.
9:52 of 2nd period - Shot Misses the Net.
10:14 of 2nd period - Yegor Zamula is hit by Kiefer Sherwood and loses puck.
10:21 of 2nd period - Wrist shot by Kiefer Sherwood.
10:21 of 2nd period - Stopped by Zachary Fucale with a rebound.
10:23 of 2nd period - Slapshot by Alex Goligoski.
10:23 of 2nd period - Deflect By Georgii Merkulov.
10:23 of 2nd period - Stopped by Zachary Fucale without a rebound.
10:24 of 2nd period - Andrew Poturalski wins face-off versus Oskar Sundqvist in Peoria Rivermen zone.
10:50 of 2nd period - Jalen Chatfield is hit by Stefan Noesen and loses puck.
10:59 of 2nd period - Wrist shot by Stefan Noesen.
10:59 of 2nd period - Shot Blocked by Niko Mikkola.
11:11 of 2nd period - Snap shot by Isak Rosen.
11:11 of 2nd period - Stopped by Zachary Fucale with a rebound.
11:13 of 2nd period - Snap shot by William Eklund.
11:13 of 2nd period - Shot Misses the Net.
11:15 of 2nd period - Snap shot by William Eklund.
11:15 of 2nd period - Stopped by Zachary Fucale without a rebound.
11:16 of 2nd period - Fredrik Karlstrom wins face-off versus Oskar Sundqvist in Peoria Rivermen zone.
11:23 of 2nd period - Slapshot by Andrew Poturalski.
11:23 of 2nd period - Stopped by Zachary Fucale with a rebound.
11:25 of 2nd period - Slapshot by Jan Rutta.
11:25 of 2nd period - Stopped by Zachary Fucale with a rebound.
11:31 of 2nd period - Snap shot by Andrew Poturalski.
11:31 of 2nd period - Stopped by Zachary Fucale with a rebound.
11:50 of 2nd period - Wrist shot by Sasha Chmelevski.
11:50 of 2nd period - Shot Misses the Net.
12:50 of 2nd period - Wrist shot by Logan O'Connor.
12:50 of 2nd period - Deflect By Kiefer Sherwood.
12:50 of 2nd period - Shot Misses the Net.
12:50 of 2nd period - Puck is out of play.
12:51 of 2nd period - Kent Johnson wins face-off versus Ryan Lomberg in Peoria Rivermen zone.
13:29 of 2nd period - Off-side.
13:30 of 2nd period - Curtis Lazar wins face-off versus Andrew Poturalski in neutral zone.
13:43 of 2nd period - Slapshot by Andrew Poturalski.
13:43 of 2nd period - Stopped by Zachary Fucale without a rebound.
13:44 of 2nd period - Andy Andreoff wins face-off versus Dakota Joshua in Peoria Rivermen zone.
14:13 of 2nd period - Slapshot by Jan Rutta.
14:13 of 2nd period - Stopped by Zachary Fucale without a rebound.
14:14 of 2nd period - Radim Zohorna wins face-off versus Andrew Poturalski in Peoria Rivermen zone.
14:14 of 2nd period - Radim Zohorna is hit by Urho Vaakanainen.
14:30 of 2nd period - Snap shot by Andrew Poturalski.
14:30 of 2nd period - Stopped by Zachary Fucale with a rebound.
14:32 of 2nd period - Slapshot by Urho Vaakanainen.
14:32 of 2nd period - Shot Misses the Net.
14:34 of 2nd period - Slapshot by Urho Vaakanainen.
14:34 of 2nd period - Deflect By Oskar Sundqvist.
14:34 of 2nd period - Stopped by Zachary Fucale with a rebound.
14:36 of 2nd period - Slapshot by Urho Vaakanainen.
14:36 of 2nd period - Shot Blocked by Tyler Tucker.
14:38 of 2nd period - Wrist shot by Andrew Poturalski.
14:38 of 2nd period - Stopped by Zachary Fucale without a rebound.
14:39 of 2nd period - Dakota Joshua wins face-off versus Kent Johnson in Peoria Rivermen zone.
15:06 of 2nd period - Kent Johnson is hit by Jonathan Gruden and loses puck.
15:34 of 2nd period - Tyler Pitlick is hit by Stefan Noesen and loses puck.
16:53 of 2nd period - Phillip Di Giuseppe is hit by Oskar Sundqvist and loses puck.
17:08 of 2nd period - Jakob Pelletier is hit by Alex Goligoski and loses puck.
17:17 of 2nd period - Slapshot by Jesper Froden.
17:17 of 2nd period - Stopped by Alex Stalock with a rebound.
17:29 of 2nd period - Snap shot by Dakota Joshua.
17:29 of 2nd period - Shot Blocked by Chad Ruhwedel.
17:31 of 2nd period - Backhand shot by Yegor Zamula.
17:31 of 2nd period - Stopped by Alex Stalock without a rebound.
17:32 of 2nd period - Andy Andreoff wins face-off versus Dakota Joshua in Tappara Tampere zone.
17:37 of 2nd period - Ryan Lomberg is hit by Stefan Noesen and loses puck.
18:12 of 2nd period - Oskar Sundqvist is hit by Phillip Di Giuseppe and loses puck.
19:07 of 2nd period - Wrist shot by Ryan Lomberg.
19:07 of 2nd period - Shot Misses the Net.
19:09 of 2nd period - Slapshot by Yegor Zamula.
19:09 of 2nd period - Shot Misses the Net.
19:11 of 2nd period - Snap shot by Dakota Joshua.
19:11 of 2nd period - Shot Misses the Net.
19:13 of 2nd period - Slapshot by Matthew Kessel.
19:13 of 2nd period - Stopped by Alex Stalock with a rebound.
19:27 of 2nd period - Wrist shot by William Eklund.
19:27 of 2nd period - Goal by William Eklund - Peoria Rivermen : 1 - Tappara Tampere : 2.
19:28 of 2nd period - Kent Johnson wins face-off versus Oskar Sundqvist in neutral zone.
19:33 of 2nd period - Slapshot by Kiefer Sherwood.
19:33 of 2nd period - Goal by Kiefer Sherwood - Peoria Rivermen : 1 - Tappara Tampere : 3.
19:34 of 2nd period - Andy Andreoff wins face-off versus Dakota Joshua in neutral zone.
19:40 of 2nd period - Minor Penalty to Connor Mackey for Hooking.
19:41 of 2nd period - Kent Johnson wins face-off versus Dakota Joshua in Peoria Rivermen zone.
19:57 of 2nd period - Wrist shot by Kent Johnson.
19:57 of 2nd period - Stopped by Zachary Fucale with a rebound.
Goals for this period are 1 for Peoria Rivermen vs 2 for Tappara Tampere.
Shots for this period are 12 for Peoria Rivermen vs 17 for Tappara Tampere.
3rd period
0:01 of 3rd period - Curtis Lazar wins face-off versus Andy Andreoff in neutral zone.
0:08 of 3rd period - Wrist shot by Ryan Lomberg.
0:08 of 3rd period - Shot Misses the Net.
0:16 of 3rd period - Tyler Tucker is hit by Stefan Noesen and loses puck.
1:40 of 3rd period - Penalty to Connor Mackey is over, Connor Mackey is back on ice.
2:21 of 3rd period - Kent Johnson is hit by Radim Zohorna and loses puck.
2:28 of 3rd period - Wrist shot by Oskar Sundqvist.
2:28 of 3rd period - Shot Misses the Net.
2:42 of 3rd period - Alex Goligoski is hit by Jonas Rondbjerg and loses puck.
3:18 of 3rd period - Jiri Kulich is hit by Oskar Sundqvist and loses puck.
3:29 of 3rd period - Andy Andreoff is hit by Niko Mikkola.
4:36 of 3rd period - Stefan Noesen is hit by Radim Zohorna.
4:50 of 3rd period - Wrist shot by Curtis Lazar.
4:50 of 3rd period - Stopped by Alex Stalock without a rebound.
4:51 of 3rd period - Kent Johnson wins face-off versus Dakota Joshua in Tappara Tampere zone.
5:06 of 3rd period - Minor Penalty to Chad Ruhwedel for Tripping.
5:07 of 3rd period - Andy Andreoff wins face-off versus Ryan Lomberg in Tappara Tampere zone.
5:25 of 3rd period - Stefan Noesen is hit by Ryan Lomberg.
5:43 of 3rd period - Wrist shot by Sasha Chmelevski.
5:43 of 3rd period - Stopped by Alex Stalock with a rebound.
5:45 of 3rd period - Wrist shot by Sasha Chmelevski.
5:45 of 3rd period - Shot Blocked by Andrew Poturalski.
5:47 of 3rd period - Wrist shot by Niko Mikkola.
5:47 of 3rd period - Goal by Niko Mikkola - Peoria Rivermen : 2 - Tappara Tampere : 3.
5:48 of 3rd period - Andy Andreoff wins face-off versus Oskar Sundqvist in neutral zone.
6:35 of 3rd period - Minor Penalty to Curtis Lazar for Boarding.
6:36 of 3rd period - Andy Andreoff wins face-off versus Jesper Froden in Peoria Rivermen zone.
6:39 of 3rd period - Wrist shot by Stefan Noesen.
6:39 of 3rd period - Deflect By Andy Andreoff.
6:39 of 3rd period - Stopped by Zachary Fucale with a rebound.
6:41 of 3rd period - Snap shot by Stefan Noesen.
6:41 of 3rd period - Shot Misses the Net.
6:43 of 3rd period - Slapshot by Stefan Noesen.
6:43 of 3rd period - Shot Misses the Net.
6:45 of 3rd period - Wrist shot by Andy Andreoff.
6:45 of 3rd period - Deflect By Stefan Noesen.
6:45 of 3rd period - Stopped by Zachary Fucale with a rebound.
6:47 of 3rd period - Snap shot by Andy Andreoff.
6:47 of 3rd period - Goal by Andy Andreoff - Peoria Rivermen : 2 - Tappara Tampere : 4.
6:48 of 3rd period - Dakota Joshua wins face-off versus Andy Andreoff in neutral zone.
6:57 of 3rd period - Wrist shot by Dakota Joshua.
6:57 of 3rd period - Stopped by Alex Stalock with a rebound.
6:59 of 3rd period - Wrist shot by Ryan Lomberg.
6:59 of 3rd period - Stopped by Alex Stalock without a rebound.
7:00 of 3rd period - Dakota Joshua wins face-off versus Kent Johnson in Tappara Tampere zone.
7:06 of 3rd period - Cam York beats up Dakota Joshua.
7:06 of 3rd period - Penalty to Cam York for Fighting.
7:06 of 3rd period - Penalty to Dakota Joshua for Fighting.
7:06 of 3rd period - Penalty to Dakota Joshua for instigated a fight.
7:06 of 3rd period - Penalty to Dakota Joshua for instigated a fight.
7:07 of 3rd period - Kent Johnson wins face-off versus Jesper Froden in Tappara Tampere zone.
7:12 of 3rd period - Jesper Froden is hit by Mattias Janmark and loses puck.
7:26 of 3rd period - Icing by Jan Rutta.
7:27 of 3rd period - Curtis Lazar wins face-off versus Kent Johnson in Tappara Tampere zone.
7:30 of 3rd period - Snap shot by Ryan Lomberg.
7:30 of 3rd period - Goal by Ryan Lomberg - Peoria Rivermen : 3 - Tappara Tampere : 4.
7:31 of 3rd period - Ryan Lomberg wins face-off versus Phillip Di Giuseppe in neutral zone.
7:56 of 3rd period - Kent Johnson is hit by Connor Mackey and loses puck.
8:07 of 3rd period - Snap shot by Sasha Chmelevski.
8:07 of 3rd period - Stopped by Alex Stalock without a rebound.
8:08 of 3rd period - Andy Andreoff wins face-off versus Jesper Froden in Tappara Tampere zone.
8:13 of 3rd period - Slapshot by Stefan Noesen.
8:13 of 3rd period - Shot Misses the Net.
8:45 of 3rd period - Tyler Tucker is hit by Jaycob Megna and loses puck.
8:56 of 3rd period - Ryan Lomberg is hit by Jaycob Megna and loses puck.
9:06 of 3rd period - Penalty to Dakota Joshua is over, Jesper Froden is send on ice.
9:15 of 3rd period - Snap shot by Kent Johnson.
9:15 of 3rd period - Shot Misses the Net.
9:17 of 3rd period - Slapshot by Jaycob Megna.
9:17 of 3rd period - Deflect By Tyler Tucker.
9:17 of 3rd period - Stopped by Zachary Fucale with a rebound.
9:33 of 3rd period - Slapshot by Jesper Froden.
9:33 of 3rd period - Shot Blocked by Jaycob Megna.
9:43 of 3rd period - Snap shot by Kent Johnson.
9:43 of 3rd period - Stopped by Zachary Fucale with a rebound.
9:45 of 3rd period - Snap shot by Jan Rutta.
9:45 of 3rd period - Stopped by Zachary Fucale with a rebound.
9:47 of 3rd period - Snap shot by Jan Rutta.
9:47 of 3rd period - Shot Misses the Net.
9:57 of 3rd period - Slapshot by Mattias Janmark.
9:57 of 3rd period - Shot Blocked by Sasha Chmelevski.
9:59 of 3rd period - Wrist shot by Kent Johnson.
9:59 of 3rd period - Stopped by Zachary Fucale without a rebound.
10:00 of 3rd period - Andrew Poturalski wins face-off versus Oskar Sundqvist in Peoria Rivermen zone.
10:07 of 3rd period - Snap shot by Andrew Poturalski.
10:07 of 3rd period - Deflect By Phillip Di Giuseppe.
10:07 of 3rd period - Shot Misses the Net.
10:07 of 3rd period - Puck is out of play.
10:08 of 3rd period - Andrew Poturalski wins face-off versus Oskar Sundqvist in Peoria Rivermen zone.
10:15 of 3rd period - Snap shot by Andrew Poturalski.
10:15 of 3rd period - Shot Misses the Net.
10:17 of 3rd period - Slapshot by Chad Ruhwedel.
10:17 of 3rd period - Shot Misses the Net.
10:19 of 3rd period - Slapshot by Alex Goligoski.
10:19 of 3rd period - Stopped by Zachary Fucale with a rebound.
10:21 of 3rd period - Slapshot by Andrew Poturalski.
10:21 of 3rd period - Shot Blocked by Jalen Chatfield.
10:23 of 3rd period - Wrist shot by Fredrik Karlstrom.
10:23 of 3rd period - Stopped by Zachary Fucale with a rebound.
10:33 of 3rd period - Jiri Kulich is hit by Niko Mikkola and loses puck.
11:14 of 3rd period - Minor Penalty to Stefan Noesen for Tripping.
11:15 of 3rd period - Andy Andreoff wins face-off versus Curtis Lazar in Tappara Tampere zone.
12:06 of 3rd period - Penalty to Cam York is over, Cam York is back on ice.
13:14 of 3rd period - Penalty to Stefan Noesen is over, Stefan Noesen is back on ice.
13:26 of 3rd period - Snap shot by Georgii Merkulov.
13:26 of 3rd period - Deflect By Stefan Noesen.
13:26 of 3rd period - Stopped by Alex Stalock with a rebound.
13:28 of 3rd period - Slapshot by Matthew Kessel.
13:28 of 3rd period - Stopped by Alex Stalock without a rebound.
13:29 of 3rd period - Kent Johnson wins face-off versus Georgii Merkulov in Tappara Tampere zone.
13:38 of 3rd period - Slapshot by Yegor Zamula.
13:38 of 3rd period - Shot Misses the Net.
13:40 of 3rd period - Slapshot by Matthew Kessel.
13:40 of 3rd period - Stopped by Alex Stalock with a rebound.
13:42 of 3rd period - Slapshot by Matthew Kessel.
13:42 of 3rd period - Deflect By Georgii Merkulov.
13:42 of 3rd period - Stopped by Alex Stalock without a rebound.
13:43 of 3rd period - Oskar Sundqvist wins face-off versus Andrew Poturalski in Tappara Tampere zone.
14:19 of 3rd period - Wrist shot by Sasha Chmelevski.
14:19 of 3rd period - Deflect By Ryan Lomberg.
14:19 of 3rd period - Shot Misses the Net.
14:19 of 3rd period - Puck is out of play.
14:20 of 3rd period - Stefan Noesen wins face-off versus Curtis Lazar in Tappara Tampere zone.
14:31 of 3rd period - Wrist shot by Stefan Noesen.
14:31 of 3rd period - Shot Misses the Net.
14:33 of 3rd period - Wrist shot by Andy Andreoff.
14:33 of 3rd period - Shot Blocked by Jakob Pelletier.
14:35 of 3rd period - Snap shot by Andy Andreoff.
14:35 of 3rd period - Shot Misses the Net.
14:45 of 3rd period - Kiefer Sherwood is hit by Tyler Pitlick and loses puck.
15:13 of 3rd period - Minor Penalty to Phillip Di Giuseppe for Slashing.
15:14 of 3rd period - Curtis Lazar wins face-off versus Andy Andreoff in Tappara Tampere zone.
15:17 of 3rd period - Snap shot by Radim Zohorna.
15:17 of 3rd period - Shot Blocked by Stefan Noesen.
15:19 of 3rd period - Snap shot by Curtis Lazar.
15:19 of 3rd period - Stopped by Alex Stalock without a rebound.
15:20 of 3rd period - Andy Andreoff wins face-off versus Curtis Lazar in Tappara Tampere zone.
15:42 of 3rd period - Snap shot by Tyler Pitlick.
15:42 of 3rd period - Shot Blocked by Andy Andreoff.
15:44 of 3rd period - Slapshot by Tyler Tucker.
15:44 of 3rd period - Deflect By Radim Zohorna.
15:44 of 3rd period - Goal by Radim Zohorna - Peoria Rivermen : 4 - Tappara Tampere : 4.
15:45 of 3rd period - Andrew Poturalski wins face-off versus Jesper Froden in neutral zone.
15:48 of 3rd period - Andrew Poturalski is hit by Jalen Chatfield and loses puck.
15:53 of 3rd period - Wrist shot by Jesper Froden.
15:53 of 3rd period - Shot Misses the Net.
15:59 of 3rd period - Snap shot by Jesper Froden.
15:59 of 3rd period - Shot Blocked by Cam York.
16:01 of 3rd period - Snap shot by Jesper Froden.
16:01 of 3rd period - Shot Misses the Net.
16:46 of 3rd period - Slapshot by Tyler Pitlick.
16:46 of 3rd period - Shot Blocked by Urho Vaakanainen.
16:56 of 3rd period - Slapshot by Phillip Di Giuseppe.
16:56 of 3rd period - Stopped by Zachary Fucale without a rebound.
16:57 of 3rd period - Andy Andreoff wins face-off versus Jesper Froden in Peoria Rivermen zone.
17:22 of 3rd period - Jakob Pelletier is hit by Cam York and loses puck.
17:33 of 3rd period - Slapshot by Jakob Pelletier.
17:33 of 3rd period - Shot Blocked by Alex Goligoski.
18:25 of 3rd period - Snap shot by Tyler Pitlick.
18:25 of 3rd period - Shot Misses the Net.
18:27 of 3rd period - Slapshot by Oskar Sundqvist.
18:27 of 3rd period - Stopped by Alex Stalock without a rebound.
18:28 of 3rd period - Jakob Pelletier wins face-off versus Kent Johnson in Tappara Tampere zone.
18:39 of 3rd period - Slapshot by Ryan Lomberg.
18:39 of 3rd period - Shot Hit the Post.
18:49 of 3rd period - Radim Zohorna is hit by Jan Rutta and loses puck.
19:12 of 3rd period - Snap shot by Kiefer Sherwood.
19:12 of 3rd period - Stopped by Zachary Fucale with a rebound.
19:14 of 3rd period - Snap shot by Chad Ruhwedel.
19:14 of 3rd period - Stopped by Zachary Fucale with a rebound.
19:16 of 3rd period - Minor Penalty to Radim Zohorna for Tripping.
19:17 of 3rd period - Andy Andreoff wins face-off versus Jesper Froden in Peoria Rivermen zone.
19:36 of 3rd period - Tyler Tucker is hit by Chad Ruhwedel.
19:40 of 3rd period - Curtis Lazar is hit by Andy Andreoff and loses puck.
19:53 of 3rd period - Snap shot by Andy Andreoff.
19:53 of 3rd period - Shot Blocked by Connor Mackey.
19:55 of 3rd period - Snap shot by Phillip Di Giuseppe.
19:55 of 3rd period - Stopped by Zachary Fucale with a rebound.
Goals for this period are 3 for Peoria Rivermen vs 1 for Tappara Tampere.
Shots for this period are 14 for Peoria Rivermen vs 13 for Tappara Tampere.
Overtime #1
0:01 of 1st overtime period - Andy Andreoff wins face-off versus Jesper Froden in neutral zone.
0:13 of 1st overtime period - Slapshot by Niko Mikkola.
0:13 of 1st overtime period - Shot Misses the Net.
0:15 of 1st overtime period - Snap shot by Jesper Froden.
0:15 of 1st overtime period - Shot Misses the Net.
0:30 of 1st overtime period - Slapshot by Logan O'Connor.
0:30 of 1st overtime period - Deflect By Andrew Poturalski.
0:30 of 1st overtime period - Stopped by Zachary Fucale with a rebound.
0:48 of 1st overtime period - Chad Ruhwedel is hit by Jesper Froden and loses puck.
1:16 of 1st overtime period - Penalty to Radim Zohorna is over, Radim Zohorna is back on ice.
1:58 of 1st overtime period - Andrew Poturalski is hit by Jakob Pelletier.
2:06 of 1st overtime period - 10 Minutes Misconduct Penalty to Dakota Joshua is over.
2:08 of 1st overtime period - Fredrik Karlstrom is hit by Connor Mackey.
Goals for this period are 0 for Peoria Rivermen vs 0 for Tappara Tampere.
Shots for this period are 0 for Peoria Rivermen vs 1 for Tappara Tampere.
ShootOut
5:00 of 1st overtime period - Round #1.
5:00 of 1st overtime period - Peoria Rivermen, Dakota Joshua.
5:00 of 1st overtime period - Backhand shot by Dakota Joshua.
5:00 of 1st overtime period - Stopped by Alex Stalock.
5:00 of 1st overtime period - Tappara Tampere, Stefan Noesen.
5:00 of 1st overtime period - Snap shot by Stefan Noesen.
5:00 of 1st overtime period - Stopped by Zachary Fucale.
5:00 of 1st overtime period - Round #2.
5:00 of 1st overtime period - Peoria Rivermen, Sasha Chmelevski.
5:00 of 1st overtime period - Deke by Sasha Chmelevski.
5:00 of 1st overtime period - Stopped by Alex Stalock.
5:00 of 1st overtime period - Tappara Tampere, Mattias Janmark.
5:00 of 1st overtime period - Deke by Mattias Janmark.
5:00 of 1st overtime period - Shot Misses the Net.
5:00 of 1st overtime period - Round #3.
5:00 of 1st overtime period - Peoria Rivermen, Curtis Lazar.
5:00 of 1st overtime period - Wrist shot by Curtis Lazar.
5:00 of 1st overtime period - Stopped by Alex Stalock.
5:00 of 1st overtime period - Tappara Tampere, Logan O'Connor.
5:00 of 1st overtime period - Snap shot by Logan O'Connor.
5:00 of 1st overtime period - Shot Misses the Net.
5:00 of 1st overtime period - Round #4.
5:00 of 1st overtime period - Peoria Rivermen, Ryan Lomberg.
5:00 of 1st overtime period - Wrist shot by Ryan Lomberg.
5:00 of 1st overtime period - Stopped by Alex Stalock.
5:00 of 1st overtime period - Tappara Tampere, Andy Andreoff.
5:00 of 1st overtime period - Backhand shot by Andy Andreoff.
5:00 of 1st overtime period - Shot Misses the Net.
5:00 of 1st overtime period - Round #5.
5:00 of 1st overtime period - Peoria Rivermen, Tyler Pitlick.
5:00 of 1st overtime period - Deke by Tyler Pitlick.
5:00 of 1st overtime period - Stopped by Alex Stalock.
5:00 of 1st overtime period - Tappara Tampere, Kiefer Sherwood.
5:00 of 1st overtime period - Backhand shot by Kiefer Sherwood.
5:00 of 1st overtime period - Shot Misses the Net.
5:00 of 1st overtime period - Round #6.
5:00 of 1st overtime period - Peoria Rivermen, Connor Mackey.
5:00 of 1st overtime period - Snap shot by Connor Mackey.
5:00 of 1st overtime period - Goal by Connor Mackey.
5:00 of 1st overtime period - Tappara Tampere, Alex Goligoski.
5:00 of 1st overtime period - Snap shot by Alex Goligoski.
5:00 of 1st overtime period - Shot Misses the Net.
Back to the Top